 Dungeon Crawl Stone Soup version 0.16-a0-1212-geefc3ab (webtiles) character file.

23659 Kashira the Nimble (level 13, -6/72 HPs)
             Began as a Vine Stalker Berserker on Oct 12, 2014.
             Was a High Priest of Trog.
             Mangled by a five-headed hydra (14 damage)
             ... on level 4 of the Lair of Beasts.
             The game lasted 00:40:17 (12657 turns).

Kashira the Nimble (Vine Stalker Berserker)        Turns: 12657, Time: 00:40:22

Health: -6/72      AC:  4    Str: 26    XL:     13   Next: 8%
Magic:  0/7        EV: 20    Int:  7    God:    Trog [*****.]
Gold:   761        SH:  0    Dex: 17    Spells: 0 memorised, 12 levels left

rFire  . . .     SeeInvis .     P - +9 flail (antimagic)
rCold  . . .     Clarity  .     B - +0 troll leather armour {Snorg}
rNeg   . . .     SustAb   .     (no shield)
rPois  +         Gourm    .     (helmet restricted)
rElec  .         Spirit   +     (no cloak)
rCorr  .         Warding  .     (no gloves)
rMut   .         Stasis   .     u - +0 pair of boots
MR     +++..                    c - amulet of rage
Stlth  +.........               v - ring of poison resistance
                                J - ring of protection from magic

@: extremely resistant to hostile enchantments, very unstealthy
A: fangs 3, horns 1, agile 1, blurry vision 1, deformed body, deterioration 1,
low mp 1, magic resistance 1, sense surroundings 1, regeneration 3, spit poison
2, strong 1, magic shield, antimagic bite, no device heal 3, rot immunity
a: Spit Poison, Burn Spellbooks, Berserk, Trog's Hand, Brothers in Arms,
Renounce Religion, Evoke Berserk Rage


You were on level 4 of the Lair of Beasts.
You worshipped Trog.
Trog was extremely pleased with you.
You were not hungry.

You visited 2 branches of the dungeon, and saw 15 of its levels.
You also visited: Ossuary.

You collected 981 gold pieces.
You spent 220 gold pieces at shops.

Inventory:

Hand weapons
 i - a +0 war axe
 P - a +9 antimagic flail (weapon)
Missiles
 h - 7 tomahawks (quivered)
Armour
 j - a +1 leather armour of poison resistance
 u - a +0 pair of boots (worn)
 B - a +0 troll leather armour (worn) {Snorg}
 E - the +2 scale mail of an ossuary {rF+}
   (You found it on level 3 of the Lair of Beasts)

   It protects you from fire.
Magical devices
 y - a wand of disintegration (5)
 H - a wand of lightning (3)
 N - a wand of draining (4)
Comestibles
 a - a royal jelly
 l - 29 fruits
 o - 3 bread rations
 s - a meat ration
Scrolls
 d - a scroll of enchant weapon {unknown}
 f - 5 scrolls of remove curse
 g - 2 scrolls of fog {unknown}
 n - a scroll of blinking
 r - 2 scrolls of fear
 t - a scroll of identify
 R - 3 scrolls of teleportation
Jewellery
 c - an amulet of rage (around neck)
 e - a +2 ring of protection
 p - an uncursed ring of protection from cold
 v - a ring of poison resistance (right hand)
 J - a ring of protection from magic (left hand)
 L - an uncursed ring of protection from cold
Potions
 b - 2 potions of brilliance
 k - a potion of resistance {unknown}
 m - 3 potions of invisibility
 q - 2 potions of curing
 z - 3 potions of restore abilities
 D - 2 potions of might
 G - a potion of flight
Books
 F - a book of Wizardry

   Spells                             Type                      Level
   Agony                              Necromancy                   5
   Force Lance                        Conjuration                  5
   Dispersal                          Translocation                6
   Haste                              Charms                       6
   Invisibility                       Hexes                        6
   Spellforged Servitor               Conjuration/Summoning        7
   Trog disapproves of the use of such an item.
Miscellaneous
 x - a box of beasts
 I - a plain deck of escape


   Skills:
 - Level 10.4 Fighting
 * Level 7.6(8.1) Axes
 - Level 4.2(6.4) Maces & Flails
 - Level 5.4 Armour
 - Level 11.0 Dodging
 * Level 8.0 Evocations


You had 12 spell levels left.
You didn't know any spells.

Dungeon Overview and Level Annotations

Branches:
Dungeon (11/15)            Temple (0/1) D:6            Lair (4/8) D:8
    Orc: D:9-12       Swamp: Lair:3-6    Shoals: Lair:3-6     Snake: Lair:3-6
 Spider: Lair:3-6

Altars:
Ashenzari
Cheibriados
Dithmenos
Fedhas
Gozag
Makhleb
Qazlal
Sif Muna
Xom
Yredelemnul
Zin

Shops:
D:5 =   D:11 (

Annotations:
D:7 1 exclusion
D:10 exclusion: oklob sapling


Innate Abilities, Weirdness & Mutations

You have razor-sharp teeth.
You regenerate.
When hurt, damage is shared between your health and your magic reserves.
Your bite disrupts and absorbs the magic of your enemies.
Potions and wands cannot restore your health.
You are immune to rotting.
You have a pair of small horns on your head.
You are agile. (Dex +2)
Your vision is a little blurry.
Armour fits poorly on your strangely shaped body.
Your body is slowly deteriorating.
Your magical capacity is low (-10% MP).
You are resistant to hostile enchantments.
You passively map a small area around you.
You can spit moderately strong poison.
Your muscles are strong. (Str +2)


Message History

You finish eating.
That meat ration really hit the spot!
The five-headed hydra roars!
Found a blowgun and a scroll labeled XUTHRO DOIQEO.
You bludgeon the five-headed hydra!! You bite the five-headed hydra.
You drain its power.
The five-headed hydra is moderately wounded.
The centaur wields a glowing shortbow.
The centaur shoots an arrow of flame.
The arrow of flame barely misses you.
The five-headed hydra completely misses you.
The five-headed hydra bites you! x4
The centaur shoots an arrow of flame.
The arrow of flame misses you.
You see here an arrow of flame.
Use which ability? (? or * to list)
Your troll goes berserk!
You feel somewhat more hungry.
The centaur shoots an arrow of flame.
The arrow of flame hits you! The arrow of flame burns you.
The five-headed hydra bites you!
* * * LOW HITPOINT WARNING * * *
The five-headed hydra bites you!
You die...

.... .... * , , , , ? ...,..#.
... ,, , ,.)....
................, , .......
..##(..#.#....... ,.....#.
..##...#.......P#
.........#..#...>........P. *
...#....#...................
h.#.......TD####P...........#
....#......#.@##P...P.# #.....
..............###PP.# ##.....
...............#....####......
............#........##..#....#
........c..#..........#........
..♣.P.....##.............§.....
♣.♣P♣♣................§§...§. ♣
*♣♣♣...........≈§§§§§≈≈..
♣♣P♣......≈≈≈§§§≈§§§≈§


You could see a five-headed hydra, a centaur and a friendly troll (berserk).

Vanquished Creatures
  Nergalle (Lair:2)
  The ghost of Kashira the Cleaver, an experienced VSBe of Trog (D:8)
  Pikel (D:4)
  3 hill giants (D:10)
  An ugly thing (D:11)
  A black mamba (Lair:1)
  6 spiny frogs
  5 komodo dragons
  A two-headed ogre (D:11)
  2 blink frogs
  2 basilisks
  2 wandering mushrooms (D:10)
  3 hippogriffs
  41 yaks
  A wyvern (D:8)
  2 deep elf magi (D:10)
  Eustachio (D:8)
  3 hungry ghosts
  5 porcupines
  10 wolves
  2 orc warriors
  3 slaves (D:4)
  3 sky beasts
  A water moccasin (D:7)
  4 ice beasts
  3 black bears
  A phantom (D:9)
  A manticore skeleton (D:11)
  3 centaurs
  7 ogres
  6 crocodiles
  3 big kobolds
  9 giant frogs
  An eye of draining (D:9)
  A yak zombie (D:7)
  An electric eel (Lair:1)
  14 killer bees
  A goliath beetle (D:6)
  5 hounds
  4 jellies
  3 centaur zombies
  3 orc priests
  2 orc wizards
  Crazy Yiuf (D:3)
  3 human zombies (Ossuary)
  2 centaur skeletons (D:4)
  2 giant frog skeletons
  6 iguanas
  A spectral orc (Lair:2)
  9 worker ants
  A big kobold zombie (Ossuary)
  An ogre skeleton (D:7)
  3 hound zombies
  5 mummies
  A worker ant zombie (D:10)
  3 gnolls (D:4)
  19 green rats (Lair:2)
  20 adders
  2 giant mites
  3 shadow imps (D:6)
  3 orc skeletons
  A goliath beetle zombie (D:5)
  2 worms
  4 adder zombies (Ossuary)
  A giant eyeball (D:4)
  2 oozes (D:1)
  17 orcs
  6 giant cockroaches
  8 goblins
  16 hobgoblins
  6 quokkas
  2 ball pythons
  9 bats
  4 giant geckos
  6 giant newts
  A giant spore (D:11)
  2 gnoll zombies (D:8)
  A goblin skeleton (D:4)
  3 goblin zombies (Ossuary)
  8 hobgoblin zombies
  8 jackals
  A jackal skeleton (D:5)
  3 jackal zombies (Ossuary)
  32 kobolds
  3 kobold zombies (Ossuary)
  2 orc zombies
  4 quokka zombies (Ossuary)
  15 rats
  2 rat zombies (Ossuary)
  3 ballistomycetes
430 creatures vanquished.

Vanquished Creatures (collateral kills)
  Snorg (Lair:3)
  4 blink frogs (Lair:1)
5 creatures vanquished.

Vanquished Creatures (others)
  2 giant spores
  3 plants
5 creatures vanquished.

Grand Total: 440 creatures vanquished

Notes
Turn   | Place    | Note
--------------------------------------------------------------
     0 | D:1      | Kashira, the Vine Stalker Berserker, began the quest for the Orb.
     0 | D:1      | Reached XP level 1. HP: 11/11 MP: 1/1
   164 | D:1      | Reached skill level 3 in Axes
   453 | D:1      | Reached XP level 2. HP: 10/16 MP: 3/3
  1049 | D:2      | Reached XP level 3. HP: 19/19 MP: 4/4
  1067 | D:2      | Acquired Trog's second power
  1305 | D:2      | Reached skill level 4 in Axes
  1375 | D:2      | Found a burning altar of Makhleb.
  1491 | D:2      | Reached XP level 4. HP: 23/23 MP: 5/5
  1869 | D:3      | Gained mutation: You are partially covered in molten scales (AC +1). [potion of mutation]
  1869 | D:3      | Gained mutation: Your muscles are strong. (Str +2) [potion of mutation]
  1869 | D:3      | Gained mutation: You are agile. (Dex +2) [potion of mutation]
  1933 | D:3      | Noticed Crazy Yiuf
  1937 | D:3      | Killed Crazy Yiuf
  2017 | D:3      | Reached XP level 5. HP: 28/28 MP: 7/7
  2229 | D:3      | Found a glowing silver altar of Zin.
  2229 | D:3      | Noticed an angel
  2231 | D:3      | Found a shimmering altar of Xom.
  2435 | D:4      | Noticed a slave
  2436 | D:4      | Noticed a slave
  2437 | D:4      | Noticed a slave
  2437 | D:4      | Noticed a slave
  2438 | D:4      | Noticed Pikel
  2467 | D:4      | Killed a slave
  2469 | D:4      | Killed a slave
  2471 | D:4      | Killed a slave
  2522 | D:4      | Killed Pikel
  2522 | D:4      | Gained mutation: You heal very quickly. [vine stalker growth]
  2522 | D:4      | Reached XP level 6. HP: 13/34 MP: 6/8
  2522 | D:4      | Reached XP level 7. HP: 14/38 MP: 6/9
  2658 | D:4      | Noticed an ogre
  2676 | D:4      | Killed an ogre
  2676 | D:4      | Gained mutation: You have razor-sharp teeth. [vine stalker growth]
  2676 | D:4      | Reached XP level 8. HP: 32/42 MP: 8/11
  2718 | D:4      | Acquired Trog's third power
  2880 | D:4      | Gained mutation: You have a pair of small horns on your head. [potion of mutation]
  2880 | D:4      | Gained mutation: Armour fits poorly on your strangely shaped body. [potion of mutation]
  2880 | D:4      | Gained mutation: Your magical capacity is low (-10% MP). [potion of mutation]
  2952 | D:4      | Found a shadowy altar of Dithmenos.
  2958 | D:4      | Reached skill level 5 in Fighting
  2965 | D:4      | Reached skill level 5 in Dodging
  3360 | D:5      | Entered Level 5 of the Dungeon
  3373 | D:5      | Found an opulent altar of Gozag.
  3431 | D:5      | Found a shattered altar of Ashenzari.
  3474 | D:5      | Found a sand-covered staircase.
  3498 | Ossuary  | Entered an ossuary
  3710 | Ossuary  | Gained mutation: You passively map a small area around you. [potion of mutation]
  3710 | Ossuary  | Gained mutation: You are resistant to hostile enchantments. [potion of mutation]
  3710 | Ossuary  | Gained mutation: Your vision is a little blurry. [potion of mutation]
  3894 | D:5      | Reached skill level 6 in Dodging
  3955 | D:5      | Found Orrante's Jewellery Shop.
  4002 | D:5      | Bought an uncursed ring of poison resistance for 220 gold pieces
  4322 | D:5      | Found a snail-covered altar of Cheibriados.
  4343 | D:6      | Reached XP level 9. HP: 48/48 MP: 10/10
  4350 | D:6      | Found a staircase to the Ecumenical Temple.
  4876 | D:6      | Found a deep blue altar of Sif Muna.
  5047 | D:6      | Reached skill level 7 in Dodging
  5697 | D:7      | Noticed a moth of wrath
  5879 | D:8      | Noticed Eustachio
  5887 | D:8      | Killed Eustachio
  6028 | D:8      | Noticed Kashira's ghost (experienced VSBe)
  6177 | D:8      | Found a staircase to the Lair.
  6182 | D:8      | Noticed a komodo dragon
  6207 | D:8      | Killed a komodo dragon
  6207 | D:8      | Reached skill level 8 in Dodging
  6207 | D:8      | Reached XP level 10. HP: 13/55 MP: 11/11
  6569 | D:8      | Received a gift from Trog
  6839 | D:8      | Gained mutation: Your body is slowly deteriorating. [mutagenic meat]
  6849 | D:8      | Found a basalt altar of Yredelemnul.
  7740 | D:9      | Lost mutation: You are partially covered in molten scales (AC +1). [mutagenic meat]
  7753 | D:9      | Reached skill level 9 in Dodging
  7795 | D:9      | Found a stormy altar of Qazlal.
  7986 | D:10     | Entered Level 10 of the Dungeon
  8043 | D:10     | Noticed a hill giant
  8044 | D:10     | Noticed a hill giant
  8058 | D:10     | Killed a hill giant
  8061 | D:10     | Killed a hill giant
  8061 | D:10     | Reached skill level 5 in Armour
  8295 | D:11     | Noticed a white ugly thing
  8309 | D:11     | Reached XP level 11. HP: 48/62 MP: 11/13
  8314 | D:11     | Killed a white ugly thing
  8345 | D:11     | Gained mutation: You regenerate. [mutagenic meat]
  8537 | D:11     | Found Majauj's Antique Weapon Shoppe.
  8561 | D:11     | Reached skill level 10 in Dodging
  8568 | D:11     | Received a gift from Trog
  9022 | D:10     | Noticed a hill giant
  9030 | D:10     | Killed a hill giant
  9139 | D:10     | Reached skill level 1 in Maces & Flails
  9196 | D:10     | Found an opulent altar of Gozag.
  9582 | D:10     | Found a blossoming altar of Fedhas.
  9709 | D:9      | Reached skill level 10 in Fighting
  9780 | D:8      | Killed Kashira's ghost
  9879 | Lair:1   | Entered Level 1 of the Lair of Beasts
  9957 | Lair:2   | Noticed Nergalle
  9983 | Lair:2   | Killed Nergalle
  9983 | Lair:2   | Mutation became permanent: You regenerate. [vine stalker growth]
  9983 | Lair:2   | Reached XP level 12. HP: 47/67 MP: 5/15
 10260 | Lair:2   | Reached skill level 11 in Dodging
 10442 | Lair:2   | Received a gift from Trog
 10653 | Lair:2   | Reached skill level 5 in Axes
 10653 | Lair:2   | Reached skill level 1 in Evocations
 11257 | Lair:1   | Reached skill level 5 in Evocations
 11363 | Lair:1   | Gained mutation: You can spit poison. [potion of mutation]
 11363 | Lair:1   | Gained mutation: You can spit moderately strong poison. [potion of mutation]
 11767 | Lair:1   | Received a gift from Trog
 12019 | Lair:3   | Noticed Snorg
 12032 | Lair:3   | Killed Snorg
 12124 | Lair:3   | Got a warped scale mail
 12135 | Lair:3   | Identified the +2 scale mail of an ossuary {rF+} (You found it on level 3 of the Lair of Beasts)
 12463 | Lair:4   | Reached XP level 13. HP: 72/72 MP: 7/22
 12642 | Lair:4   | Noticed a five-headed hydra
 12657 | Lair:4   | Mangled by a five-headed hydra

Action                   |  1- 3 |  4- 6 |  7- 9 | 10-12 | 13-15 || total
-------------------------+-------+-------+-------+-------+-------++-------
Melee: Hand axe          |    88 |    41 |       |       |       ||   129
       Quarterstaff      |       |    67 |   319 |   257 |       ||   643
       Flail             |       |       |       |   390 |    24 ||   414
Throw: Tomahawk          |       |       |       |     2 |       ||     2
Invok: Berserk           |       |     3 |     3 |     6 |     1 ||    13
       Trog's Hand       |       |     1 |       |     1 |       ||     2
       Brothers in Arms  |       |       |     1 |     3 |     1 ||     5
 Abil: Spit Poison       |       |       |       |     1 |       ||     1
Evoke: Wand              |       |       |       |     4 |       ||     4
  Use: Scroll            |     3 |     4 |    16 |    10 |       ||    33
       Potion            |       |     1 |     2 |     2 |       ||     5
 Stab: Paralysed         |       |       |     6 |       |       ||     6
       Confused          |       |       |     2 |       |       ||     2
       Sleeping          |       |       |     1 |       |       ||     1
       Distracted        |       |       |       |       |     1 ||     1
  Eat: Meat ration       |     1 |       |     1 |     1 |     1 ||     4
       Chunk             |       |     1 |     4 |    19 |     1 ||    25
       Beef jerky        |       |     1 |     1 |       |       ||     2
       Bread ration      |       |       |     1 |     3 |       ||     4
